 Dungeon Crawl Stone Soup version 0.30-a0-322-g102857c98e (webtiles) character file.

Game seed: 7337767170174747347

3352 Pooter the Cleaver (level 9, -6/79 HPs)
             Began as a Minotaur Fighter on Oct 27, 2022.
             Was a Priest of Okawaru.
             Mangled by an orc warlord
             ... wielding a +5 broad axe
              (12 damage)
             ... in a bailey.
             The game lasted 00:40:54 (5617 turns).

Pooter the Cleaver (Minotaur Fighter)               Turns: 5617, Time: 00:40:55

Health: -6/79      AC: 20    Str: 23    XL:     9   Next: 72%
Magic:  6/8        EV:  7    Int:  5    God:    Okawaru [***...]
Gold:   547        SH: 12    Dex: 12    Spells: 8/8 levels left

rFire   . . .      SeeInvis +    a - +4 war axe
rCold   . . .      Faith    +    n - +0 kite shield
rNeg    . . .      Spirit   .    J - +5 plate armour of Sophism {Fly rElec}
rPois   .          Reflect  .    (helmet restricted)
rElec   +          Harm     .    (no cloak)
rCorr   .          Rampage  .    m - +0 pair of gloves
Will    .....                    (no boots)
Stlth   ..........               D - amulet of faith {!P}
HPRegen 0.33/turn                S - ring of see invisible
MPRegen 0.11/turn                p - +4 ring of slaying

@: mighty, heroic, flying
A: horns 2, retaliatory headbutt
a: Renounce Religion, Heroism


You were in a bailey.
You worshipped Okawaru.
Okawaru was most pleased with you.
You visited 2 branches of the dungeon, and saw 9 of its levels.
You also visited: Bailey.

You collected 1066 gold pieces.
You spent 519 gold pieces at shops.

Inventory:

Hand Weapons
 a - a +4 war axe (weapon)
 b - a +0 sling
   (You found it on level 2 of the Dungeon)
 y - a +0 morningstar
   (You found it on level 6 of the Dungeon)
 B - a +0 war axe of flaming
   (You found it on level 6 of the Dungeon)
 F - a +0 battleaxe
   (You found it on level 6 of the Dungeon)
Missiles
 z - 13 poisoned darts
 C - a throwing net {!f}
 G - 6 curare-tipped darts
 H - 3 boomerangs of dispersal {!f}
 Q - 63 stones (quivered)
Armour
 m - a +0 pair of gloves (worn)
   (You found it on level 2 of the Dungeon)
 n - a +0 kite shield (worn)
   (You found it on level 2 of the Dungeon)
 J - the +5 plate armour of Sophism (worn) {Fly rElec}
   (You acquired it on level 4 of the Dungeon)

   rElec:     It insulates you from electricity.
   Fly:       It grants you flight.
Jewellery
 o - a ring of magical power
   (You found it on level 2 of the Dungeon)
 p - a +4 ring of slaying (right hand)
   (You found it on level 2 of the Dungeon)
 D - an amulet of faith (around neck) {!P}
   (You found it on level 6 of the Dungeon)
 I - a ring of protection from cold
   (You found it on level 5 of the Dungeon)
 L - an amulet of the acrobat
   (You found it on level 7 of the Dungeon)
 S - a ring of see invisible (left hand)
   (You found it on level 1 of the Dungeon)
Wands
 f - a wand of flame (37)
   (You found it on level 6 of the Dungeon)
 u - a wand of paralysis (9)
   (You found it on level 3 of the Dungeon)
 w - a wand of polymorph (7)
   (You took it off a goblin on level 4 of the Dungeon)
Scrolls
 e - a scroll of amnesia
 k - 2 scrolls of magic mapping
 q - a scroll of immolation {unknown}
 s - 2 scrolls of blinking
 t - 3 scrolls of teleportation {@r4}
 A - 2 scrolls of poison {!r}
 K - a scroll of fear {unknown}
Potions
 c - 2 potions of brilliance
 d - 3 potions of might
 g - a potion of lignification {unknown}
 h - a potion of cancellation {unknown}
 i - a potion of magic {unknown}
 j - 2 potions of ambrosia
 l - 4 potions of haste {@q3}
 r - 3 potions of heal wounds {@q2}
 v - a potion of flight {unknown}
 x - a potion of degeneration {unknown}
 E - 5 potions of curing {@q1}
 M - a potion of mutation {unknown}


   Skills:
 + Level 7.3(12.3) Fighting
 * Level 9.5(14.5) Axes
 * Level 7.8(12.8) Ranged Weapons
 - Level 3.6(8.6) Armour
 + Level 7.3(12.3) Shields
 + Level 4.2 Evocations


You had 8 spell levels left.
You didn't know any spells.
Your spell library contained the following spells:

 Spells                   Type           Power      Damage    Failure   Level
 Freeze                   Ice            0%         1d3       100%        1
 Slow                     Hex            0%         N/A       100%        1
 Static Discharge         Conj/Air       0%         2-2/arc   100%        2
 Vhi's Electric Charge    Tloc/Air       0%         N/A       100%        3
 Arcjolt                  Conj/Air       0%         1d10      100%        5
 Lightning Bolt           Conj/Air       0%         1d11      100%        5


Dungeon Overview and Level Annotations

Branches:
Dungeon (8/15)             Temple (1/1) D:5          Bailey (1/1)
   Lair: D:8-11

Altars:
Ashenzari
Dithmenos
Elyvilon
Fedhas
Gozag
Hepliaklqana
Kikubaaqudgha
Makhleb
Nemelex Xobeh
Okawaru
Qazlal
Ru
Sif Muna
Trog
Vehumet
Wu Jian
Xom
Yredelemnul
Zin
The Shining One

Shops:
D:2 [   D:3 ?   D:6 (   D:7 [


Innate Abilities, Weirdness & Mutations

You have a pair of horns on your head.
You reflexively headbutt those who attack you in melee.


Message History

Things that are here:
a +0 hand axe; a +0 leather armour You reach down and open the door.
Things that are here:
a +0 hand axe; a +0 leather armour
There is an open door here.
There is a fountain of clear blue water here.
Items here: )))) [[[[ ††.
There is an open door here.
Okay, then.
You reach down and open the door.
An orc warlord and 2 orc warriors come into view.
The orc warlord shouts!
The orc warrior shouts! x2; You hear a shout! x2
The orc warlord roars a battlecry!
The orc warriors go into a battle-frenzy!
A goblin comes into view. It is wielding a +0 hand axe.
An orc comes into view. It is wielding a +0 hand axe.
You feel very mighty all of a sudden.
The goblin shouts!
An orc warrior comes into view. It is wielding a +0 war axe.
Blink to where?
Found four items.
As you read the scroll of blinking, it crumbles to dust.
The orc warlord hits you with a +5 broad axe.
You gain the combat prowess of a mighty hero.
You block the orc warlord's attack.
You closely miss the orc warlord. You barely miss the orc.
You closely miss the orc warrior. You slash the goblin!
You kill the goblin!
The orc warlord hits you with a +5 broad axe!!
You block the orc's attack.
The orc warrior hits you with a +0 broad axe!
You slash the orc warlord! You headbutt the orc warlord! You hit the orc.
You barely miss the orc warrior. You slash the orc warrior!
You closely miss the orc warrior. You block the orc warrior's attack.
The orc warlord hits you with a +5 broad axe!!
* * * LOW HITPOINT WARNING * * *
The orc warrior hits you with a +0 war axe.
* * * LOW HITPOINT WARNING * * *
The orc hits you but does no damage.
The orc warrior hits you with a +0 broad axe!!
* * * LOW HITPOINT WARNING * * *
You slice the orc warlord!! You slice the orc warrior!! You slash the orc!
You kill the orc!
Okawaru accepts your kill.
You closely miss the orc warrior. You barely miss the orc warrior.
The orc warrior hits you but does no damage.
The orc warrior barely misses you.
The orc warlord hits you with a +5 broad axe!
You die...

##.......).##.....##.........##
#.....⌠.....#######.....⌠.....#
##.........##$$?$$##.........##
#.........#)$$$$$:#...)))...#
##.......##.......##..).)..##
#.......#.........#..))...#
##..)..##.........##.....##
##)####....)o.....####'##
##)))..##...@o....##.....##
#.......#...oo....#.......#
##.......##.......##.......##
#.........#.......#.........#
##.........###...###.........##
#.....⌠.....###'###.....⌠.....#
##.........##88.88##.........##
#.........#.......#.........#
##......)##.......##)).....##


You could see an orc warlord and 3 orc warriors.

Vanquished Creatures
  Sigmund (D:6)
  A water moccasin (D:6)
  Duvessa (D:6)
  A black bear (D:7)
  2 ice beasts
  8 orc warriors (Bailey)
  A sky beast (D:7)
  4 ogres
  A kobold brigand (D:8)
  A bullfrog (D:7)
  2 gnoll sergeants (D:6)
  3 scorpions
  A necrophage (D:5)
  A wight (D:5)
  Dowan (D:6)
  2 electric eels (D:6)
  A howler monkey (D:6)
  3 hounds
  2 jellies (D:5)
  An orc priest (D:7)
  2 iguanas (D:5)
  2 orc wizards (D:7)
  Robin (D:4)
  18 gnolls
  A river rat (D:7)
  9 adders
  2 shadow imps
  2 white imps
  An ufetubus (D:5)
  4 worms
  The ghost of benadryl the Sneak, a weakling TrDe (D:5)
  22 orcs
  6 ball pythons
  11 endoplasms
  5 giant cockroaches
  25 goblins
  26 hobgoblins
  10 jackals
  9 kobolds
  2 quokkas
  10 bats
  2 frilled lizards (D:1)
  A rat (D:3)
210 creatures vanquished.

Vanquished Creatures (others)
  A fungus (D:1)
  3 plants (D:6)
4 creatures vanquished.

Grand Total: 214 creatures vanquished

Notes
Turn   | Place    | Note
-------+----------+-------------------------------------------
     0 | D:1      | Pooter the Minotaur Fighter began the quest for the Orb.
     0 | D:1      | Reached XP level 1. HP: 19/19 MP: 0/0
    48 | D:1      | Reached skill level 3 in Axes
    48 | D:1      | Reached XP level 2. HP: 25/27 MP: 1/1
    89 | D:1      | Found a faded altar of an unknown god.
   279 | D:1      | Reached XP level 3. HP: 31/33 MP: 2/2
   791 | D:2      | Reached skill level 4 in Axes
   987 | D:2      | Found Pocroute's Armour Shop.
  1262 | D:3      | Found Gexto's Magic Scroll Emporium.
  1271 | D:3      | Reached XP level 4. HP: 37/41 MP: 3/3
  1304 | D:3      | Bought a scroll of identify for 26 gold pieces
  1304 | D:3      | Bought a scroll of identify for 26 gold pieces
  1304 | D:3      | Bought a scroll of identify for 26 gold pieces
  1304 | D:3      | Bought a scroll of enchant weapon for 97 gold pieces
  1309 | D:3      | Noticed an ogre
  1319 | D:3      | Killed an ogre
  1320 | D:3      | Reached skill level 1 in Ranged Weapons
  1320 | D:3      | Reached XP level 5. HP: 32/47 MP: 4/4
  2261 | D:4      | Reached skill level 5 in Axes
  2277 | D:4      | Noticed Robin
  2284 | D:4      | Killed Robin
  2327 | D:4      | Identified a scroll of acquirement
  2328 | D:4      | Acquired the +5 plate armour of Sophism {Fly rElec}
  2395 | D:4      | Found a sparkling altar of Nemelex Xobeh.
  2524 | D:4      | Noticed an ogre
  2533 | D:4      | Killed an ogre
  2534 | D:4      | Reached skill level 1 in Evocations
  2534 | D:4      | Reached XP level 6. HP: 55/55 MP: 5/5
  2538 | D:4      | Acquired 499 gold pieces
  2569 | D:3      | Bought a scroll of blinking for 97 gold pieces
  2569 | D:3      | Bought 2 scrolls of enchant weapon for 195 gold pieces
  2569 | D:3      | Bought a scroll of poison for 52 gold pieces
  2629 | D:4      | Found a broken altar of Ashenzari.
  2676 | D:5      | Entered Level 5 of the Dungeon
  2680 | D:5      | Found a staircase to the Ecumenical Temple.
  2690 | Temple   | Entered the Ecumenical Temple
  2756 | D:5      | Reached skill level 5 in Fighting
  2824 | D:5      | Found an opulent altar of Gozag.
  2833 | D:5      | Found a glowing silver altar of Zin.
  2946 | D:5      | Found a runed translucent gate.
  2946 | D:5      | Found a runed translucent gate.
  2948 | D:5      | Found an opulent altar of Gozag.
  2982 | D:5      | Found a runed translucent gate.
  2984 | D:5      | Noticed benadryl's ghost (weakling TrDe)
  2993 | D:5      | Reached skill level 5 in Shields
  2993 | D:5      | Reached XP level 7. HP: 54/61 MP: 6/6
  2994 | D:5      | Killed benadryl's ghost
  3087 | D:5      | Reached skill level 6 in Axes
  3364 | D:5      | Found a stormy altar of Qazlal.
  3389 | D:5      | Found an iron altar of Okawaru.
  3395 | D:5      | Became a worshipper of Warmaster Okawaru
  3615 | D:6      | Found a hazy altar of Hepliaklqana.
  3624 | D:6      | Found a glowing golden altar of the Shining One.
  3626 | D:6      | Found a white marble altar of Elyvilon.
  3682 | D:5      | Reached XP level 8. HP: 35/70 MP: 7/7
  3908 | D:6      | Reached skill level 5 in Ranged Weapons
  3910 | D:6      | Reached skill level 7 in Axes
  3969 | D:6      | Found Xirheh's Weapon Boutique.
  3990 | D:6      | Reached * piety under Okawaru
  3994 | D:6      | Noticed Duvessa
  4005 | D:6      | Noticed Dowan
  4006 | D:6      | Found a shimmering blue altar of Sif Muna.
  4013 | D:6      | Killed Dowan
  4095 | D:6      | Killed Duvessa
  4145 | D:6      | Got Sif Muna's Atlas of Bewitchment and Rime
  4150 | D:6      | Found a bloodstained altar of Trog.
  4258 | D:6      | Noticed Sigmund
  4269 | D:6      | Killed Sigmund
  4273 | D:6      | Reached skill level 8 in Axes
  4276 | D:6      | Found a transporter.
  4336 | D:6      | Found a transporter.
  4386 | D:6      | Found a burning altar of Makhleb.
  4386 | D:6      | Noticed a blizzard demon
  4422 | D:6      | Reached ** piety under Okawaru
  4541 | D:7      | Found Aloump's Antique Armour Shoppe.
  4584 | D:7      | Reached XP level 9. HP: 78/78 MP: 8/8
  4737 | D:7      | Found a sacrificial altar of Ru.
  4944 | D:7      | Found a blossoming altar of Fedhas.
  5076 | D:8      | Found a flagged portal.
  5175 | Bailey   | Entered a bailey
  5249 | Bailey   | Reached *** piety under Okawaru
  5250 | Bailey   | Reached skill level 9 in Axes
  5611 | Bailey   | Noticed an orc warlord
  5617 | Bailey   | Mangled by an orc warlord

Illustrated notes

Levels and vault maps discovered:
D:1:      ebering_trefoil_3fold, layout_rooms,
          shapermc_ecumenical_altar_mp_ritualfount, serial_forest,
          infiniplex_forest_zigzag_1, infiniplex_forest_straight_2,
          infiniplex_forest_clump_large, infiniplex_forest_lined_3,
          infiniplex_forest_clump_tiny, infiniplex_forest_lined_room_2,
          infiniplex_forest_lined_2, infiniplex_forest_clump_tiny,
          minmay_pentomino_t4
D:2:      layout_loops_cross, serial_shops, shop, chequers_hall_statues_y
D:3:      layout_loops_ring, serial_shops, shop
D:4:      layout_rooms, mainiacjoe_overflow_alcove_4,
          mainiacjoe_overflow_brackets, uniq_robin
D:5:      layout_loops_cross, pdpol_temple_overflow_zin_treasury_gozag_greed,
          lemuel_round_altar, mainiacjoe_overflow_tiny_flanked,
          temple_fountains, ebering_ghost_gozag
D:6:      gammafunk_steamed_eel, layout_cave_pools,
          nzn_overflow_gifts_of_might_and_magic, makhleb_altar_promises_db,
          old_standard_altar, mainiacjoe_overflow_catwalk_spiral, serial_shops,
          shop, uniq_sigmund
D:7:      nicolae_cairo_tiling, layout_gridville, mainiacjoe_overflow_catwalk,
          nicolae_overflow_crystal_walls, serial_shops,
          nicolae_shop_statue_plus, amcnicky_mini_corridor_feature
D:8:      layout_loops_cross, enter_bailey_6, minmay_misc_feat_alley,
          nicolae_shop_firing_range, uniq_maurice
Temple:   hellmonk_temple_two_chambers
Bailey:   bailey_axe_minmay_hex_keep, bailey

Skill      XL: |  1  2  3  4  5  6  7  8  9 |
---------------+----------------------------+-----
Axes           | 3 4 5 6 8 9 |  9.5
Fighting       | 4 5 6 7 |  7.3
Shields        | 4 5 6 7 |  7.3
Ranged Weapons | 1 2 3 4 6 7 |  7.8
Evocations     | 1 2 3 4 |  4.2
Armour         | |  3.6

Action                   |  1- 3 |  4- 6 |  7- 9 || total
-------------------------+-------+-------+-------++-------
Melee: War axe           |    80 |    71 |   178 ||   329
       Headbutt          |     9 |     9 |    34 ||    52
 Fire: Sling             |     8 |    37 |    31 ||    76
Throw: Stone             |     3 |       |       ||     3
Invok: Heroism           |       |       |     5 ||     5
Evoke: Wand              |       |     3 |     8 ||    11
  Use: Scroll            |     1 |    12 |     5 ||    18
       Potion            |       |       |     2 ||     2
 Stab: Paralysed         |       |     5 |     3 ||     8
Armor: Scale mail        |    36 |    20 |       ||    56
       Plate armour      |       |    21 |   115 ||   136
Dodge: Dodged            |    51 |    21 |    34 ||   106
Block: Buckler           |    14 |       |       ||    14
       Kite shield       |     7 |    20 |   110 ||   137

Table legend: (Time is in decaauts)
 A = Elapsed time spent in this place.
 B = Non-inter-level travel time spent in this place.
 C = Inter-level travel time spent in this place.
 D = Time resting spent in this place.
 E = Time spent auto-exploring this place.
 F = Levels seen in this place.
 G = Mean time per level.
                   A        B        C        D        E       F      G
               +--------+--------+--------+--------+--------+-----+--------+
         Total |   5744 |   5495 |    249 |    649 |   3342 |  10 |  574.4 |
       Dungeon |   5269 |   5024 |    245 |    447 |   3318 |   8 |  658.6 |
        Temple |     26 |     22 |      4 |      0 |     12 |   1 |   26.0 |
        Bailey |    448 |    448 |      0 |    202 |     12 |   1 |  448.0 |
               +--------+--------+--------+--------+--------+-----+--------+

Top non-repeatable levels by time:
     D:5: 1152 daAuts
     D:3: 892 daAuts
     D:6: 724 daAuts
     D:2: 698 daAuts
     D:1: 594 daAuts
     D:4: 551 daAuts
     D:7: 540 daAuts
  Bailey: 448 daAuts
     D:8: 114 daAuts
  Temple: 26 daAuts
